 Dungeon Crawl Stone Soup version 0.27.1-2-g3b301248ec (webtiles) character file.

Game seed: 7449223116803626194

63 Descartes the Sneak (level 3, 0/17 HPs)
             Began as a Felid Delver on Oct 2, 2021.
             Slain by a jackal (2 damage)
             ... on level 4 of the Dungeon.
             The game lasted 00:01:23 (147 turns).

Descartes the Sneak (Felid Delver)                   Turns: 147, Time: 00:01:24

Health: 0/17       AC:  1    Str:  9    XL:     3   Next: 89%
Magic:  4/4        EV: 18    Int: 11    God:
Gold:   13         SH:  0    Dex: 17    Spells: 2/2 levels left
                                        Lives:  0   Deaths: 0

rFire    . . .     SeeInvis +     - Unarmed
rCold    . . .     Faith    .   (shield unavailable)
rNeg     . . .     Spirit   .   (armour unavailable)
rPois    .         Reflect  .   (helmet unavailable)
rElec    .         Harm     .   (cloak unavailable)
rCorr    .         Rampage  .   (gloves unavailable)
Will     .....                  (boots unavailable)
Stlth    ++++......             (no amulet)
HPRegen  0.05/turn              (no ring)
MPRegen  0.09/turn              (no ring)

@: quick
A: very small, claws 1, fangs 3, see invisible, speed 1, shaggy fur 1, stealthy
paws, no weapons or thrown items, no armour, multi-lived
a: no special abilities


You were on level 4 of the Dungeon.
You visited 1 branch of the dungeon, and saw 2 of its levels.

You collected 13 gold pieces.

Inventory:

Wands
 e - a wand of digging (3)
Scrolls
 a - a scroll of fog
 b - a scroll of magic mapping
 c - a scroll of fear
 f - a scroll of enchant armour {unknown}
 g - a scroll of identify {unknown}
Potions
 d - a potion of haste


   Skills:
 - Level 3.0 Fighting
 + Level 3.6 Dodging
 * Level 7.7 Stealth
 + Level 2.7 Unarmed Combat


You had 2 spell levels left.
You didn't know any spells.
Your spell library contained the following spells:

 Spells                   Type           Power      Damage    Failure   Level
 Shock                    Conj/Air       0%         1d3       34%         1
 Swiftness                Air            0%         N/A       71%         3
 Airstrike                Air            0%         N/A       98%         4


Dungeon Overview and Level Annotations

Branches:
Dungeon (5/15)
 Temple: D:4-7

Altars:

Shops:
D:4 :

Annotations:
D:5 1 transporter, bignoob's ghost, novice DrCj


Innate Abilities, Weirdness & Mutations

You have sharp claws.
You have razor-sharp teeth.
You have supernaturally acute eyesight. (SInv)
You cover ground quickly. (Speed+)
You are covered in fur. (AC +1)
Your paws help you pounce on unaware monsters.
You are incapable of wielding weapons or throwing items.
You cannot wear armour.
You gain extra lives every three experience levels.


Message History

The goblin closely misses you.
You scratch the goblin.
You kill the goblin!
Found 13 gold pieces.
An endoplasm comes into view. 2 jackals and a shadow imp come into view.
The jackal barks!
The shadow imp shouts!
The jackal barks!
You hear a bark!
A jackal comes into view.
The jackal barks!
The endoplasm quivers.
A jackal comes into view.
The jackal barks! x2
The shadow imp gestures at you.
You barely resist.
The jackal stops to sniff the ground.
The shadow imp lashes its tail.
A jelly comes into view.
The helpless jelly fails to defend itself.
You mangle the jelly!!
You kill the jelly!
The jackal completely misses you. The jackal closely misses you.
Found 14 gold pieces.
Found a yellow potion.
Found Ziapruha's Book Shop.
Found a stone staircase leading down.
The jackal bites you.
* * * LOW HITPOINT WARNING * * *
You barely miss the jackal. The jackal bites you.
* * * LOW HITPOINT WARNING * * *
You scratch the jackal but do no damage.
The jackal misses you.
You scratch the jackal but do no damage.
The jackal misses you. x2
You scratch the jackal but do no damage.
The jackal misses you.
You scratch the jackal but do no damage.
The jackal closely misses you.
You barely miss the jackal. The jackal closely misses you. x2
You barely miss the jackal. The jackal barely misses you.
You miss the jackal. The jackal bites you.
You die...

#... #$>. . #..!
.....###################
.......................#
........#h############.#
#..... #.# #.#
#.....###.# ####h#
.......@hh# #....#
###.####### #h#### #.#
##h#### #######5J.$..
#......h...##
#.#####..#.# #.# #..#.#
#)# #..#.#


You could see 2 jackals.

Vanquished Creatures
  A jelly (D:4)
  A hound (D:5)
  A giant cockroach (D:4)
  A goblin (D:4)
  A hobgoblin (D:4)
5 creatures vanquished.

Notes
Turn   | Place    | Note
-------+----------+-------------------------------------------
     0 | D:5      | Descartes the Felid Delver began the quest for the Orb.
     0 | D:5      | Reached XP level 1. HP: 10/10 MP: 2/2
    27 | D:5      | Noticed a steam dragon
    28 | D:5      | Noticed an iguana
    52 | D:5      | Noticed a hound
    56 | D:5      | Found a transporter.
    67 | D:5      | Killed a hound
    68 | D:5      | Reached skill level 7 in Stealth
    68 | D:5      | Reached XP level 2. HP: 7/14 MP: 3/3
    68 | D:5      | Reached XP level 3. HP: 9/17 MP: 4/4
    69 | D:5      | Noticed bignoob's ghost (novice DrCj)
   135 | D:4      | Found Ziapruha's Book Shop.
   147 | D:4      | Slain by a jackal

Illustrated notes

Levels and vault maps discovered:
D:4:      layout_loops_ring, serial_shops, nicolae_take_the_stairs, shop
D:5:      layout_rooms, gammafunk_ghost_stat_death

Skill      XL: |  1 |
---------------+----+-----
Dodging        | 3 |  3.6
Stealth        | 7 |  7.7
Fighting       | |  3.0
Unarmed Combat | |  2.7

Action                   || total
-------------------------++-------
Melee: Unarmed           ||    34
       Bite              ||     3
 Stab: Sleeping          ||     1
Armor: Skin              ||     1
Dodge: Dodged            ||    33
